 Dungeon Crawl Stone Soup version 0.19-a0-45-g2c295ea (webtiles) character file.

21 bod the Magician (level 2, 0/17 HPs)
             Began as a High Elf Wizard on May 5, 2016.
             Slain by a jackal (2 damage)
             ... on level 1 of the Dungeon.
             The game lasted 00:04:15 (1234 turns).

bod the Magician (High Elf Wizard)                  Turns: 1234, Time: 00:04:16

Health: 0/17       AC:  2    Str:  4 (6)  XL:     2   Next: 62%
Magic:  0/8        EV: 12    Int: 20 (21) God:
Gold:   16         SH:  0    Dex: 11 (13) Spells: 4 memorised, 2 levels left

rFire  . . .     SeeInvis .     h - +0 short sword
rCold  . . .     Gourm    .     a - +0 robe
rNeg   . . .     Faith    .     (no shield)
rPois  .         Spirit   .     b - +0 hat
rElec  .         Dismiss  .     (no cloak)
rCorr  .         Reflect  .     (no gloves)
SustAt .         Harm     .     (no boots)
MR     .....                    (no amulet)
Stlth  ++........               (no ring)
                                (no ring)

@: flying, very slightly contaminated, repel missiles, not resistant to hostile
enchantments, unstealthy
A: no striking features
a: no special abilities


You were on level 1 of the Dungeon.
You were hungry.

You visited 1 branch of the dungeon, and saw 1 of its levels.

You collected 16 gold pieces.

Inventory:

Hand Weapons
 f - a +0 spear
 h - a +0 short sword (weapon)
 m - a +0 hunting sling
Missiles
 g - 19 sling bullets
 i - 4 stones (quivered)
 l - 24 arrows
Armour
 a - a +0 robe (worn)
 b - a +0 hat (worn)
Potions
 k - a potion of flight
Books
 c - a book of Minor Magic

   Spells                             Type                      Level
   a - Magic Dart                     Conjuration                  1
   b - Blink                          Translocation                2
   c - Call Imp                       Summoning                    2
   d - Repel Missiles                 Charms/Air                   2
   e - Slow                           Hexes                        2
   f - Conjure Flame                  Conjuration/Fire             3
   g - Mephitic Cloud                 Conjuration/Poison/Air       3
Comestibles
 d - a bread ration


   Skills:
 + Level 0.2 Fighting
 + Level 2.3 Dodging
 + Level 2.5 Stealth
 + Level 4.2 Spellcasting
 + Level 1.3 Conjurations
 + Level 0.8 Summonings
 + Level 1.1 Translocations


You had 2 spell levels left.
You knew the following spells:

 Your Spells              Type           Power        Failure   Level  Hunger
a - Magic Dart            Conj           #...         10%         1    None
b - Blink                 Tloc           N/A          14%         2    #......
c - Call Imp              Summ           #.......     17%         2    #......
d - Repel Missiles        Chrm/Air       #.....       21%         2    #......


Dungeon Overview and Level Annotations

Branches:
Dungeon (1/15)

Altars:


Message History

The magic dart hits the jackal.
The jackal is severely wounded.
The jackal barely misses you.
Casting: Magic Dart
Confirm with . or Enter, or press ? or * to list all spells.
Aiming: Magic Dart
Press: ? - help, Shift-Dir - straight line, f/p - jackal
Aim: a jackal (severely wounded)
The magic dart hits the jackal.
You kill the jackal!
The jackal barely misses you.
Casting: Magic Dart
Confirm with . or Enter, or press ? or * to list all spells.
You don't have enough magic to cast that spell.
The jackal closely misses you.
You closely miss the jackal. The jackal bites you.
* * * LOW HITPOINT WARNING * * *
The jackal misses you.
You hit the jackal but do no damage. The jackal bites you.
You die...

#....##.###.....##.#
#.........#.....##.# ######
#.....#.#.########.# ###.'.<#
#####.....#....# #.# #...#..#
###.##..#....# #.# ####''####
#.......#....# #.# #⌠P#...#
#.#####.#....# #.# #.P#...#♣♣♣
#.#...#......# #.. #.P#...#♣8♣
#@#.#.##.....###.#
#..###'#♣.♣###h#.#....)...'....
#..........##....h.###)...###.#
#..##########......)...........
#..##########......###.##...#.#
#..................# #..#......
#############......# ##.#...#..
#......# #h#...#.. #......#
#.#...#).


You could see a jackal.

Vanquished Creatures
  An ooze (D:1)
  A dart slug (D:1)
  A giant cockroach (D:1)
  2 goblins (D:1)
  2 hobgoblins (D:1)
  3 jackals (D:1)
  2 kobolds (D:1)
  A giant newt (D:1)
13 creatures vanquished.

Notes
Turn   | Place    | Note
--------------------------------------------------------------
     0 | D:1      | bod the High Elf Wizard began the quest for the Orb.
     0 | D:1      | Reached XP level 1. HP: 11/11 MP: 6/6
   329 | D:1      | Reached skill level 4 in Spellcasting
   329 | D:1      | Reached XP level 2. HP: 16/17 MP: 5/8
   599 | D:1      | Learned a level 2 spell: Blink
   602 | D:1      | Learned a level 2 spell: Call Imp
   605 | D:1      | Learned a level 2 spell: Repel Missiles
  1234 | D:1      | Slain by a jackal

Vault maps used:
D:1:      sevenhm_arrival_forest_fort_small_3

Skill      XL: |  1 |
---------------+----+-----
Spellcasting   | 4 |  4.2
Fighting       | |  0.2
Dodging        | |  2.3
Stealth        | |  2.5
Conjurations   | |  1.3
Summonings     | |  0.8
Translocations | |  1.1

Action                   || total
-------------------------++-------
Melee: Unarmed           ||    12
       Short sword       ||    21
 Cast: Magic Dart        ||    33
       Repel Missiles    ||     1
  Use: Potion            ||     2
       Scroll            ||     1
Armor: Robe              ||     9
Dodge: Dodged            ||    31
